 Dungeon Crawl Stone Soup version 0.29.0-4-gdea44cf6ec (webtiles) character file.

Game seed: 13371658418260379359

60 qw the Vexing (level 4, -4/44 HPs)
             Began as an Ogre Enchanter on Sept 3, 2022.
             Slain by an ogre
             ... wielding a +0 giant spiked club
              (22 damage)
             ... on level 3 of the Dungeon.
             The game lasted 00:01:43 (3474 turns).

qw the Vexing (Ogre Enchanter)                      Turns: 3474, Time: 00:01:43

Health: -4/44      AC:  3    Str: 14    XL:     4   Next: 6%
Magic:  7/7        EV:  9    Int: 16    God:
Gold:   165        SH:  0    Dex:  9    Spells: 7/7 levels left

rFire   . . .      SeeInvis .   Y - +0 hand axe
rCold   . . .      Faith    .   (no shield)
rNeg    . . .      Spirit   .   b - +0 robe
rPois   .          Reflect  .   (helmet restricted)
rElec   .          Harm     .   (no cloak)
rCorr   .          Rampage  .   (gloves unavailable)
Will    .....                   (boots unavailable)
Stlth   ++........              (no amulet)
HPRegen 0.14/turn               (no ring)
MPRegen 0.10/turn               (no ring)

@: no status effects
A: large, unfitting armour, tough skin 1
a: no special abilities


You were on level 3 of the Dungeon.
You visited 1 branch of the dungeon, and saw 3 of its levels.

You collected 165 gold pieces.


Innate Abilities, Weirdness & Mutations

You are too large for most types of armour.
You have tough skin. (AC +1)


   Skills:
 - Level 2.4 Fighting
 - Level 0.8 Short Blades
 - Level 2.5 Axes
 + Level 0.9 Throwing
 - Level 1.7 Dodging
 - Level 2.1 Stealth
 - Level 2.4 Spellcasting
 - Level 2.6 Hexes


You had 7 spell levels left.
You didn't know any spells.
Your spell library contained the following spells:

 Spells                   Type           Power      Damage    Failure   Level
 Ensorcelled Hibernation  Hex/Ice        12%        N/A       17%         2
 Confusing Touch          Hex            10%        N/A       21%         3
 Tukima's Dance           Hex            10%        N/A       21%         3
 Dazzling Flash           Conj/Hex       12%        N/A       34%         3

Inventory:

Hand Weapons
 h - a +0 whip
 Y - a +0 hand axe (weapon)
Missiles
 m - 4 large rocks (quivered)
Armour
 b - a +0 robe (worn)
Scrolls
 e - 2 scrolls of teleportation
Potions
 a - a potion of heal wounds {unknown}
 c - a potion of resistance {unknown}
 d - a potion of might
 f - 3 potions of magic {unknown}
 g - a potion of mutation {unknown}
 j - a potion of curing {unknown}
 k - a potion of attraction {unknown}

Dungeon Overview and Level Annotations

Branches:
Dungeon (3/15)

Altars:


Message History

The goblin shouts!
Enter note:
Enter note:
Enter note: Throw: 5 large rocks
Press: ? - help, Q - select action Shift-Dir - straight line, f - goblin You throw a large rock.
The large rock barely misses the goblin.
Throw: 4 large rocks
Press: ? - help, Q - select action Shift-Dir - straight line, f/p - goblin You throw a large rock.
The large rock hits the goblin!!
You kill the goblin!
c - a glowing amethyst potion
m - 4 large rocks (gained 1)
Things that are here:
a +0 club; a goblin corpse
m - 5 large rocks (gained 1)
You now have 157 gold pieces (gained 10).
You now have 165 gold pieces (gained 8).
f - 3 viscous yellow potions (gained 2)
An ogre comes into view. It is wielding a +0 giant spiked club.
The ogre shouts!
Throw: 5 large rocks
Press: ? - help, Q - select action Shift-Dir - straight line, f - ogre You throw a large rock.
The large rock hits the ogre!
The ogre is heavily wounded.
You barely miss the ogre.
The ogre is heavily wounded.
The ogre closely misses you.
You barely miss the ogre.
The ogre is heavily wounded.
The ogre hits you with a +0 giant spiked club!
You completely miss the ogre.
The ogre is heavily wounded.
The ogre hits you with a +0 giant spiked club!!
You hit the ogre.
The ogre is heavily wounded.
The ogre hits you with a +0 giant spiked club!!
Ouch! That really hurt!
You die...

####
....(####
......O.#
#@# #.#
#.# #.#
#.#####
#.....#
##+#
#####.#
##...##
#.#
##.....##
### #.#


You could see an ogre.

Vanquished Creatures
  2 adders (D:2)
  7 ball pythons
  4 endoplasms
  3 giant cockroaches
  2 goblins
  8 hobgoblins
  A quokka (D:2)
  3 bats
  2 frilled lizards
  5 kobolds
  4 rats
41 creatures vanquished.

Notes
Turn   | Place    | Note
-------+----------+-------------------------------------------
     0 | D:1      | qw the Ogre Enchanter began the quest for the Orb.
     0 | D:1      | Reached XP level 1. HP: 16/16 MP: 3/3
     0 | D:1      | 0 ||| qw: Version: 0.1-a-102-g441f92d
     0 | D:1      | 0 ||| qw: Game counter: 5284
     0 | D:1      | 0 ||| qw: Always use a shield: true
     0 | D:1      | 0 ||| qw: God list: Okawaru
     0 | D:1      | 0 ||| qw: Allow faded altars: false
     0 | D:1      | 0 ||| qw: Do Orc after D:15 true
     0 | D:1      | 0 ||| qw: Do second Lair branch before Depths: true
     0 | D:1      | 0 ||| qw: Lair rune preference: random
     0 | D:1      | 0 ||| qw: Plans: Normal
     0 | D:1      | 0 ||| PLANNING D:1-11
   401 | D:1      | Reached skill level 1 in Axes
   471 | D:1      | HP: 3/16 [hobgoblin (4)]
   802 | D:1      | Reached skill level 1 in Fighting
   802 | D:1      | Reached XP level 2. HP: 27/27 MP: 5/5
   935 | D:1      | 935 ||| Stepping ~*~*~tactically~*~*~ (stealth).
   950 | D:1      | 950 ||| Stepping ~*~*~tactically~*~*~ (stealth).
   952 | D:1      | 952 ||| Stepping ~*~*~tactically~*~*~ (stealth).
   961 | D:1      | 961 ||| SWAPPING to +0 whip.
   962 | D:1      | 962 ||| DROPPING +1 dagger.
  1468 | D:1      | 1468 ||| SWAPPING to +0 hand axe.
  1544 | D:1      | 1544 ||| Stepping ~*~*~tactically~*~*~ (stealth).
  1546 | D:1      | 1546 ||| Stepping ~*~*~tactically~*~*~ (stealth).
  1683 | D:1      | Found a faded altar of an unknown god.
  2068 | D:1      | 2068 ||| DROPPING amulet of faith.
  2069 | D:1      | 2069 ||| READING scroll labelled COFEBR ACHAUL.
  2070 | D:1      | 2070 ||| READING 3 scrolls labelled LOQUES CYTI.
  2075 | D:1      | 2075 ||| DROPPING 2 potions of invisibility.
  2144 | D:2      | 2144 ||| Stepping ~*~*~tactically~*~*~ (stealth).
  2146 | D:2      | 2146 ||| Stepping ~*~*~tactically~*~*~ (stealth).
  2147 | D:2      | 2147 ||| Stepping ~*~*~tactically~*~*~ (stealth).
  2156 | D:2      | Reached XP level 3. HP: 26/35 MP: 6/6
  2494 | D:2      | 2494 ||| Stepping ~*~*~tactically~*~*~ (stealth).
  2495 | D:2      | 2495 ||| Stepping ~*~*~tactically~*~*~ (stealth).
  2501 | D:2      | 2501 ||| Stepping ~*~*~tactically~*~*~ (stealth).
  3208 | D:2      | Reached XP level 4. HP: 44/44 MP: 7/7
  3339 | D:2      | 3339 ||| READING scroll labelled UTYOCOBE ULLA.
  3340 | D:2      | 3340 ||| READING scroll labelled JUDE OL BUIZU.
  3341 | D:2      | 3341 ||| READING scroll labelled AFEID OPINO.
  3342 | D:2      | 3342 ||| DRINKING 2 purple potions.
  3343 | D:2      | 3343 ||| READING 3 scrolls of teleportation.
  3469 | D:3      | Noticed an ogre
  3474 | D:3      | Slain by an ogre

Levels and vault maps discovered:
D:1:      dpeg_arrival_arbitrary_b, layout_basic,
          dreamdust_ecumenical_altar_hidden_monk_grotto,
          chequers_serial_rivers_small_b, serial_park_tiny_1
D:2:      layout_basic, serial_rivers, chequers_serial_rivers_marsh,
          chequers_serial_rivers_micro_a, chequers_serial_rivers_marsh,
          chequers_serial_rivers_room_a, chequers_serial_rivers_small_b,
          hangedman_decor_opposing, minmay_increasing_density
D:3:      layout_loops_corners

Skill      XL: |  1  2  3 |
---------------+----------+-----
Axes           | 1 2 |  2.5
Fighting       | 1 2 |  2.4
Short Blades   | |  0.8
Throwing       | |  0.9
Dodging        | |  1.7
Stealth        | |  2.1
Spellcasting   | |  2.4
Hexes          | |  2.6

Action                   |  1- 3 |  4- 6 || total
-------------------------+-------+-------++-------
Melee: Dagger            |    58 |       ||    58
       Whip              |    29 |       ||    29
       Hand axe          |    93 |     4 ||    97
       Punch             |     2 |       ||     2
Throw: Large rock        |     2 |     3 ||     5
  Use: Scroll            |     2 |     4 ||     6
       Potion            |       |     1 ||     1
Armor: Robe              |    56 |       ||    56
Dodge: Dodged            |    80 |     1 ||    81

Table legend:
 A = Non-vault XP
 B = Vault XP
 C = Vault XP percentage of total XP
 D = Non-vault monster count
 E = Vault monster count
 F = Vault count percentage of total count
                 A         B        C        D         E       F
            +---------+---------+-------+---------+---------+-------
      Total |      64 |      23 |  26.4 |      34 |       7 |  17.1
            +---------+---------+-------+---------+---------+-------
        D:1 |      27 |       0 |   0.0 |      18 |       0 |   0.0
        D:2 |      36 |      23 |  39.0 |      15 |       7 |  31.8
        D:3 |       1 |       0 |   0.0 |       1 |       0 |   0.0
            +---------+---------+-------+---------+---------+-------
